 Dungeon Crawl Stone Soup version 0.18-a0-952-g309898a (webtiles) character file.

9 Duffy the Firebug (level 1, 0/14 HPs)
             Began as a Demigod Fire Elementalist on Dec 31, 2015.
             Slain by a hobgoblin (1 damage)
             ... on level 1 of the Dungeon.
             The game lasted 00:00:35 (119 turns).

Duffy the Firebug (Demigod Fire Elementalist)        Turns: 119, Time: 00:00:35

Health: 0/14       AC:  2    Str: 11    XL:     1   Next: 86%
Magic:  0/5        EV: 12    Int: 19    God:
Gold:   10         SH:  0    Dex: 16    Spells: 1 memorised, 3 levels left

rFire  . . .     SeeInvis .     f - +4 mace
rCold  . . .     Gourm    .     a - +0 robe
rNeg   . . .     Faith    .     (no shield)
rPois  .         Spirit   .     (no helmet)
rElec  .         Dismiss  .     (no cloak)
rCorr  .         Reflect  .     (no gloves)
SustAt +         Harm     .     (no boots)
MR     .....                    (no amulet)
Stlth  ++........               (no ring)
                                (no ring)

@: very slightly contaminated, not resistant to hostile enchantments, unstealthy
A: high mp 1, sustain attributes
a: no special abilities


You were on level 1 of the Dungeon.
You were not hungry.

You visited 1 branch of the dungeon, and saw 1 of its levels.

You collected 10 gold pieces.


Innate Abilities, Weirdness & Mutations

You have an increased reservoir of magic (+10% MP).
Your attributes are resistant to harm.


   Skills:
 - Level 1.7 Dodging
 - Level 1.7 Stealth
 + Level 2.0 Spellcasting
 * Level 1.6 Conjurations
 - Level 2.6 Fire Magic


You had 3 spell levels left.
You knew the following spells:

 Your Spells              Type           Power        Failure   Level  Hunger
a - Flame Tongue          Conj/Fire      ##...        10%         1    #......

Inventory:

Hand Weapons
 f - a +4 mace (weapon)
Armour
 a - a +0 robe (worn)
Scrolls
 d - a scroll of recharging {unknown}
Potions
 e - 2 potions of curing {unknown}
Books
 b - a book of Flames
Comestibles
 c - a bread ration

Dungeon Overview and Level Annotations

Branches:
Dungeon (1/15)


Message History

The bat hits you but does no damage.
Cast which spell? (? or * to list)
Aiming: Flame Tongue
Press: ? - help, Shift-Dir - straight line, f/p - hobgoblin
Aim: a hobgoblin (severely wounded)
You miscast Flame Tongue.
You are very lightly contaminated with residual magic.
Nothing appears to happen.
The bat closely misses you. The bat barely misses you.
Cast which spell? (? or * to list)
Aiming: Flame Tongue
Press: ? - help, Shift-Dir - straight line, f/p - hobgoblin
Aim: a hobgoblin (severely wounded)
The flame tongue hits the bat.
The bat is almost dead.
The bat barely misses you. x2
Cast which spell? (? or * to list)
Aiming: Flame Tongue
Press: ? - help, Shift-Dir - straight line, f/p - hobgoblin
Aim: a hobgoblin (severely wounded)
The flame tongue hits the bat.
You kill the bat!
Cast which spell? (? or * to list)
You don't have enough magic to cast that spell.
Cast which spell? (? or * to list)
You don't have enough magic to cast that spell.
You are too injured to fight recklessly!
You are too injured to fight recklessly!
You barely miss the hobgoblin.
The hobgoblin is severely wounded.
The hobgoblin hits you.
You closely miss the hobgoblin.
The hobgoblin is severely wounded.
The hobgoblin hits you. x2
You die...

########## #### #........# #.
...##........# ## #.
#..#........#
..###.####.#........# ##
......!....##..........# #...
#..........####........##...#
#..........##..............#
#.........rg@.##.........#.#
...........####............#
#....>.....# #.%........#...
...........# #..............
#..)!...# ##..###..#######
.#.#..##%#####%.##....#<...##
...............##.....#.....#
#..#...........#.....###.....
#.............##.....# #.....


You could see a hobgoblin and a rat.

Action                   || total
-------------------------++-------
Melee: Mace              ||     9
 Cast: Flame Tongue      ||     9

Notes
Turn   | Place    | Note
--------------------------------------------------------------
     0 | D:1      | Duffy the Demigod Fire Elementalist began the quest for the Orb.
     0 | D:1      | Reached XP level 1. HP: 14/14 MP: 5/5
    36 | D:1      | Reached skill level 1 in Conjurations
    94 | D:1      | Reached skill level 2 in Spellcasting
   119 | D:1      | Slain by a hobgoblin

Vault maps used:
D:1:      minmay_arrival_loop, minmay_surrounded

Vanquished Creatures
  2 bats
  A giant cockroach
  2 hobgoblins
  A giant newt
  A goblin
  A rat
8 creatures vanquished.
